AoeStats
← Simon Stokvis

Pilgrims

508471835Analyzed
4v4 RM · 9d ago on Sep 22, 2026· 28m 19s· 8 players
Game mode
Random Map
Map size
Large (8 player)
Population
200
Speed
Normal
Resources
Standard
Victory
Conquest
Starting age
Dark Age
Ending age
Imperial Age
RankedLock teamsTeams togetherTeam positionsShared explorationLock speedFull tech treeHidden civsTurbo modeCheats
Victory
Defeat
🇳🇱 Malay · Netherlands
1584
+9
🇺🇸 Japanese · United States
1557
+10
🇨🇳 Berbers · China
1436
+15
🇹🇼 Inca · Taiwan
1291
+22
🇩🇰 Portuguese · Denmark
1443
-15
🇲🇽 Celts · Mexico
1417
-14
🇺🇸 Persians · United States
1416
-14
🇮🇳 Koreans · India
1398
-13
SimoniacJewel88
8:51 Loom
13:11 Feudal Age
15:27 Fletching
19:36 Castle Age
20:59 Medium Warships
20:46 Bodkin Arrow
20:37 Double-Bit Axe
22:33 Ballistics
22:28 Clinker Construction
22:28 Careening
25:10 Fishing Lines
26:51 Horse Collar
27:23 Bow Saw
FreakinGorkha
4:19 Loom
11:51 Feudal Age
12:22 Double-Bit Axe
12:33 Gold Mining
23:09 Wheelbarrow
24:52 Castle Age
26:20 Fletching
WalfTheWolf
7:57 Loom
12:58 Feudal Age
13:34 Double-Bit Axe
13:58 Fishing Lines
20:33 Castle Age
21:41 Medium Warships
21:21 Gillnets
AlDebaran
6:24 Loom
10:57 Feudal Age
14:41 Castle Age
14:38 Fletching
15:26 Gold Mining
16:38 Bodkin Arrow
25:01 Padded Archer Armor
25:01 Horse Collar
25:07 Double-Bit Axe
qwer
11:50 Feudal Age
11:36 Loom
12:23 Double-Bit Axe
14:41 Gold Mining
14:46 Fletching
17:11 Castle Age
15:08 Fishing Lines
15:47 Fletching
18:07 Medium Warships
17:54 Bodkin Arrow
18:12 Forging
18:21 Bow Saw
20:42 Careening
21:12 Forging
25:37 Iron Casting
25:41 Gillnets
28:34 Ballistics
28:37 Guard Tower
Simon Stokvis
6:11 Loom
12:27 Feudal Age
12:24 Double-Bit Axe
18:57 Fletching
22:24 Castle Age
26:37 Town Watch
牛奶罐
3:14 Loom
9:59 Feudal Age
16:20 Castle Age
14:39 Double-Bit Axe
16:41 Wheelbarrow
27:47 Bow Saw
27:23 Horse Collar
迷路将军
7:59 Loom
10:40 Feudal Age
13:47 Fletching
19:11 Castle Age
20:13 Medium Warships
19:59 Bodkin Arrow
20:54 Fishing Lines
25:57 Gold Mining
27:27 Double-Bit Axe
28:31 Ballistics
Connection lost

Rejoining the realm…

Still unreachable

The connection could not be restored.

Session expired

The server has moved on; the page needs a fresh start.